 Dungeon Crawl Stone Soup version 0.31.0-9-g3a7656b989 (webtiles) character file.

Game seed: 5675822529785109083

429 qw the Skirmisher (level 6, -10/37 HPs)
             Began as a Deep Elf Hunter on Feb 2, 2024.
             Mangled by Menkaure (15 damage)
             ... on level 4 of the Dungeon.
             The game lasted 00:00:12 (3031 turns).

qw the Skirmisher (Deep Elf Hunter)                 Turns: 3031, Time: 00:00:12

Health: -10/37     AC:  6    Str: 10    XL:     6   Next: 66%
Magic:  8/8        EV: 16    Int: 14    God:
Gold:   224        SH:  0    Dex: 18    Spells: 5/5 levels left

rFire   . . .        a - +1 shortbow
rCold   . . .        (shield currently unavailable)
rNeg    + . .        e - +0 ring mail
rPois   .            (no helmet)
rElec   .            k - +0 cloak
rCorr   .            (no gloves)
SInv    .            (no boots)
Will    .....        (no amulet)
Stlth   +            g - +5 ring of evasion
HPRegen 0.26/turn    j - ring of positive energy
MPRegen 0.11/turn

%: no passive effects
@: no status effects
A: no striking features
a: no special abilities


You were on level 4 of the Dungeon.
You visited 1 branch of the dungeon, and saw 4 of its levels.

You collected 224 gold pieces.


   Skills:
 - Level 3.6 Fighting
 + Level 9.2 Ranged Weapons
 - Level 2.4 Dodging
 - Level 1.2 Stealth


You had 5 spell levels left.
You didn't know any spells.
Your spell library was empty.

Inventory:

Hand Weapons
 a - a +1 shortbow (weapon)
Armour
 e - a +0 ring mail (worn)
 k - a +0 cloak (worn)
Jewellery
 g - a +5 ring of evasion (left hand)
 j - a ring of positive energy (right hand)
Scrolls
 b - a scroll of vulnerability {unknown}
 h - a scroll of identify {unknown}
 i - a scroll of fear {unknown}
Potions
 c - a potion of resistance {unknown}
 d - 3 potions of curing {unknown}
 f - a potion of mutation {unknown}

Dungeon Overview and Level Annotations

Branches:
Dungeon (4/15)
 Temple: D:4-7

Altars:
Ashenzari
Dithmenos
Hepliaklqana
Xom

Shops:
D:1 *

Annotations:
D:4 1 transporter, Menkaure; qw's ghost, novice SpHu


Message History

3012 ||| FLEEEEING.
3013 ||| FLEEEEING.
You start resting.
An endoplasm is nearby!
You shoot an arrow. The arrow hits the endoplasm.
The endoplasm is moderately wounded.
The endoplasm hits you but does no damage.
You shoot an arrow.
The arrow hits the endoplasm but does no damage.
The endoplasm is moderately wounded.
The endoplasm misses you.
You shoot an arrow. The arrow hits the endoplasm!
You kill the endoplasm!
You start resting.
Menkaure is nearby!
You shoot an arrow. The arrow barely misses Menkaure.
Menkaure misses you.
You shoot an arrow. The arrow hits Menkaure.
Menkaure is lightly damaged.
Menkaure casts a spell.
Menkaure seems to speed up.
You shoot an arrow.
The arrow hits Menkaure but does no damage.
Menkaure is lightly damaged.
Menkaure hits you!
You shoot an arrow. The arrow barely misses Menkaure.
Menkaure hits you!
You shoot an arrow. The arrow barely misses Menkaure.
Menkaure gestures at you while chanting.
You struggle to resist.
Menkaure calls on the powers of darkness!
You feel a surge of unholy energy.
You shoot an arrow. The arrow hits Menkaure.
Menkaure is moderately damaged.
Menkaure barely misses you.
You shoot an arrow.
The arrow hits Menkaure but does no damage.
Menkaure is moderately damaged.
Menkaure misses you. Menkaure hits you!
You die...

)..#..###....#...................
...##...#.............##.........
...####.#.............##.........
...####.............?.######.....
...............############ .....
...............#..........# .....
...........>.#J#..........# ...#.
............##.#..........#
............##.#@.........#
...#...........M...)......#
...#......................#####
....<............##...........#
......########................#
......# ######...........#
......# #...........# #######
#...........# #....####'###


You could see Menkaure (fast).

Vanquished Creatures
  Grinder (D:4)
  An orc priest (D:4)
  A hound (D:4)
  2 orc wizards
  5 adders
  A dart slug (D:3)
  2 ribbon worms (D:2)
  7 orcs
  9 endoplasms
  2 giant cockroaches
  5 goblins
  7 hobgoblins
  2 jackals (D:4)
  6 ball pythons
  3 bats
  4 frilled lizards
  3 kobolds
  5 rats
66 creatures vanquished.

Notes
Turn   | Place    | Note
-------+----------+-------------------------------------------
     0 | D:1      | qw the Deep Elf Hunter began the quest for the Orb.
     0 | D:1      | Reached XP level 1. HP: 12/12 MP: 3/3
     0 | D:1      | 0 ||| qw: Version: 0.3-a-155-g5e7d8dd
     0 | D:1      | 0 ||| qw: Game counter: 795
     0 | D:1      | 0 ||| qw: Melee chars always use a shield: true
     0 | D:1      | 0 ||| qw: God list: Okawaru
     0 | D:1      | 0 ||| qw: Allow faded altars: false
     0 | D:1      | 0 ||| qw: Do Orc after clearing Dungeon:15 true
     0 | D:1      | 0 ||| qw: Do second Lair branch before Depths: true
     0 | D:1      | 0 ||| qw: Lair rune preference: random
     0 | D:1      | 0 ||| qw: Goals: Normal
     0 | D:1      | 0 ||| PLANNING D:1-11
    30 | D:1      | Found Apoisois's Assorted Antiques.
    39 | D:1      | 39 ||| SHOPLISTING bubbling inky potion (18 gold, have 0).
    39 | D:1      | 39 ||| SHOPLISTING runed longbow (199 gold, have 0).
    39 | D:1      | 39 ||| SHOPLISTING scroll labelled JIMOETIEGH (21 gold,
                  | have 0).
    39 | D:1      | 39 ||| SHOPLISTING scroll labelled MAHOIM ZIAPE (21 gold,
                  | have 0).
   117 | D:1      | Reached skill level 6 in Ranged Weapons
   117 | D:1      | Reached XP level 2. HP: 16/16 MP: 4/4
   717 | D:1      | 717 ||| UPGRADING to +0 ring mail.
   727 | D:1      | 727 ||| DROPPING +0 leather armour.
   728 | D:1      | 728 ||| UPGRADING to +0 cloak.
   733 | D:1      | 733 ||| UPGRADING to +5 ring of evasion.
   734 | D:1      | 734 ||| UPGRADING to ring of positive energy.
   735 | D:1      | 735 ||| READING scroll labelled YBBOJEGGAX.
   736 | D:1      | 736 ||| READING scroll labelled WIKAID ILEUTAU.
   837 | D:1      | 837 ||| DRINKING 2 red potions.
   838 | D:1      | 838 ||| DROPPING scroll of butterflies.
   897 | D:2      | Found a shadowy altar of Dithmenos.
   903 | D:2      | Reached XP level 3. HP: 20/20 MP: 5/5
  1033 | D:2      | Reached skill level 7 in Ranged Weapons
  1271 | D:2      | Found a faded altar of an unknown god.
  1452 | D:2      | 1452 ||| READING scroll labelled XALAUT XUANI.
  1453 | D:2      | 1453 ||| READING scroll labelled ACOILY RISCHO.
  1492 | D:3      | Found a hazy altar of Hepliaklqana.
  1522 | D:3      | Reached XP level 4. HP: 18/25 MP: 6/6
  1761 | D:3      | Found a broken altar of Ashenzari.
  1794 | D:3      | HP: 6/25 [poisoned by an adder]
  1957 | D:3      | Reached skill level 8 in Ranged Weapons
  2016 | D:3      | Found a shimmering altar of Xom.
  2498 | D:3      | 2498 ||| READING scroll labelled ORANOE PAT OGROA.
  2498 | D:3      | 2498 ||| ENCHANTING +0 shortbow.
  2705 | D:4      | Reached XP level 5. HP: 20/29 MP: 7/7
  2717 | D:4      | Reached skill level 9 in Ranged Weapons
  2753 | D:4      | Noticed Grinder
  2754 | D:4      | 2754 ||| FLEEEEING.
  2755 | D:4      | 2755 ||| FLEEEEING.
  2756 | D:4      | 2756 ||| DRINKING potion of haste.
  2771 | D:4      | 2771 ||| FLEEEEING.
  2773 | D:4      | 2773 ||| FLEEEEING.
  2774 | D:4      | 2774 ||| FLEEEEING.
  2784 | D:4      | Killed Grinder
  2785 | D:4      | Reached skill level 3 in Fighting
  2785 | D:4      | Reached XP level 6. HP: 36/37 MP: 8/8
  2849 | D:4      | Found a transporter.
  2989 | D:4      | Noticed qw's ghost (novice SpHu)
  2992 | D:4      | Noticed Menkaure
  2994 | D:4      | 2994 ||| FLEEEEING.
  2995 | D:4      | 2995 ||| FLEEEEING.
  2996 | D:4      | 2996 ||| FLEEEEING.
  2997 | D:4      | 2997 ||| FLEEEEING.
  3000 | D:4      | 3000 ||| FLEEEEING.
  3001 | D:4      | 3001 ||| FLEEEEING.
  3002 | D:4      | 3002 ||| FLEEEEING.
  3003 | D:4      | 3003 ||| FLEEEEING.
  3004 | D:4      | 3004 ||| FLEEEEING.
  3005 | D:4      | 3005 ||| FLEEEEING.
  3006 | D:4      | 3006 ||| FLEEEEING.
  3007 | D:4      | 3007 ||| FLEEEEING.
  3008 | D:4      | 3008 ||| FLEEEEING.
  3009 | D:4      | 3009 ||| FLEEEEING.
  3010 | D:4      | 3010 ||| FLEEEEING.
  3011 | D:4      | 3011 ||| FLEEEEING.
  3012 | D:4      | 3012 ||| FLEEEEING.
  3013 | D:4      | 3013 ||| FLEEEEING.
  3028 | D:4      | HP: 4/37 [Menkaure (17)]
  3031 | D:4      | Mangled by Menkaure

Levels and vault maps discovered:
D:1:      wander_arrival_desolate, layout_basic, serial_shops, shop,
          hangedman_decor_push
D:2:      layout_basic, basic_altar, hellmonk_ecumenical_altar_arch_garden
D:3:      layout_loops_ring, lemuel_coloured_pillars_altar,
          mainiacjoe_overflow_catwalk_spiral, serial_rivers,
          chequers_serial_rivers_room_a, chequers_serial_rivers_marsh,
          chequers_serial_rivers_small_3, chequers_serial_rivers_small_b,
          chequers_serial_rivers_micro_e, chequers_serial_rivers_small_a
D:4:      layout_basic, gammafunk_ghost_stat_death, uniq_duvessa, uniq_menkaure,
          uniq_grinder, uniq_ijyb

Skill      XL: |  1  2  3  4  5 |
---------------+----------------+-----
Ranged Weapons | 6 7 8 9 |  9.2
Fighting       | 3 |  3.6
Dodging        | |  2.4
Stealth        | |  1.2

Action                     |  1- 3 |  4- 6 || total
---------------------------+-------+-------++-------
   Fire: Shortbow          |   116 |   121 ||   237
    Use: Scroll            |     4 |     1 ||     5
         Potion            |     1 |     1 ||     2
 Armour: Leather armour    |     2 |       ||     2
         Ring mail         |     5 |    31 ||    36
  Dodge: Dodged            |    41 |    51 ||    92

Table legend:
 A = Non-vault XP
 B = Vault XP
 C = Vault XP percentage of total XP
 D = Non-vault monster count
 E = Vault monster count
 F = Vault count percentage of total count
                 A         B        C        D         E       F
            +---------+---------+-------+---------+---------+-------
      Total |     323 |     290 |  47.3 |      65 |       1 |   1.5
            +---------+---------+-------+---------+---------+-------
        D:1 |      26 |       0 |   0.0 |      16 |       0 |   0.0
        D:2 |      57 |       0 |   0.0 |      19 |       0 |   0.0
        D:3 |     101 |       0 |   0.0 |      17 |       0 |   0.0
        D:4 |     139 |     290 |  67.6 |      13 |       1 |   7.1
            +---------+---------+-------+---------+---------+-------
